 Dungeon Crawl Stone Soup version 0.22.0 (webtiles) character file.

98018 CyclopB the Black Belt (level 16, 0/111 HPs)
             Began as an Octopode Transmuter on Dec 23, 2018.
             Was a High Priest of Wu Jian.
             Shot with a bolt by a yaktaur (19 damage)
             ... on level 15 of the Dungeon on Dec 24, 2018.
             The game lasted 06:21:53 (35200 turns).

CyclopB the Black Belt (Octopode Transmuter)       Turns: 35200, Time: 06:21:53

Health: 0/111      AC: 12    Str: 13    XL:     16   Next: 21%
Magic:  29/29      EV: 20    Int: 20    God:    Wu Jian [*****.]
Gold:   2036       SH:  0    Dex: 15    Spells: 3/21 levels left

rFire    . . .     SeeInvis .     - Unarmed
rCold    + + +     Gourm    .   (shield currently unavailable)
rNeg     + . .     Faith    .   (helmet currently unavailable)
rPois    +         Spirit   .   O - amulet of the acrobat
rElec    +         Reflect  .   j - ring of wizardry
rCorr    +         Harm     .   i - +4 ring of strength
MR       +....                  A - ring of magical power
Stlth    +.........             R - ring of Day {+Fly rElec rPois}
HPRegen  0.28/turn              G - ring of protection from fire
MPRegen  0.21/turn              I - +6 ring of protection
                                n - ring of resist corrosion
                                u - ring of positive energy

@: ice-form, very slightly contaminated, glowing, heavenly storm
A: large, almost no armour, stealthy swim, amphibious, 8 rings, (constrict 8)
a: End Transformation, Wall Jump, Serpent's Lash, Heavenly Storm, Renounce
Religion, Evoke Flight


You were on level 15 of the Dungeon.
You worshipped Wu Jian.
Wu Jian was extremely pleased with you.
You were very hungry.
You were a creature of crystalline ice.
You visited 6 branches of the dungeon, and saw 26 of its levels.
You also visited: Sewer and Ice Cave.

You collected 2535 gold pieces.
You spent 499 gold pieces at shops.

Inventory:

Hand Weapons
 w - the +6 lajatang of Circularity (melded) {holy, rN+ Dex+4}
   (You found it on level 1 of the Orcish Mines)

   It has been blessed by the Shining One to cause great damage to the undead
   and demons.
   It affects your dexterity (+4).
   It protects you from negative energy.
Missiles
 a - 292 arrows
 e - 520 stones
 y - 8 tomahawks of dispersal
 E - 5 throwing nets (quivered)
Magical Staves
 H - an uncursed staff of cold
Jewellery
 i - a +4 ring of strength (right front paw)
 j - a ring of wizardry (left front paw)
 n - a ring of resist corrosion (on tentacle)
 r - an uncursed ring of poison resistance
 u - a ring of positive energy (on tentacle)
 A - a ring of magical power (on tentacle)
 B - an uncursed ring of positive energy
 G - a ring of protection from fire (on tentacle)
 I - a +6 ring of protection (on tentacle)
 O - an amulet of the acrobat (around neck)
 R - the ring of Day (on tentacle) {+Fly rElec rPois}
   (You bought it in a shop on level 2 of the Orcish Mines)

   [ring of flight]

   It insulates you from electricity.
   It protects you from poison.
   It lets you fly.
Wands
 t - a wand of disintegration (9)
 C - a wand of random effects (23)
 D - a wand of enslavement (33)
 F - a wand of paralysis (19)
 J - a wand of acid (30)
 L - a wand of clouds (6)
 M - a wand of iceblast (51)
 V - a wand of polymorph (15)
Scrolls
 b - 20 scrolls of remove curse
 f - 3 scrolls of holy word {unknown}
 g - 7 scrolls of fear
 m - 6 scrolls of enchant armour
 o - 2 scrolls of random uselessness {unknown}
 q - a scroll of fog
 s - 9 scrolls of teleportation
 z - 3 scrolls of amnesia
 Q - 2 scrolls of immolation {unknown}
 S - 2 scrolls of identify
 T - a scroll of magic mapping
Potions
 d - a potion of brilliance {unknown}
 h - a potion of resistance
 l - 2 potions of might
 v - a potion of ambrosia
 x - 6 potions of curing
 K - a potion of haste
 P - a potion of mutation {unknown}
 U - a potion of cancellation
 W - 2 potions of lignification {unknown}
 X - a potion of berserk rage {unknown}
Miscellaneous
 k - a box of beasts
Comestibles
 c - 28 rations


   Skills:
 - Level 3.1 Fighting
 - Level 15.0 Dodging
 - Level 2.0 Stealth
 + Level 19.8 Unarmed Combat
 - Level 3.0 Spellcasting
 - Level 0.3 Hexes
 - Level 10.0 Transmutations
 - Level 2.0 Ice Magic
 - Level 3.0 Poison Magic
 + Level 3.0 Evocations


You had 3 spell levels left.
You knew the following spells:

 Your Spells              Type           Power        Failure   Level  Hunger
a - Blade Hands           Tmut           #####.....   2%          5    ######.
b - Sticks to Snakes      Tmut           #####...     1%          2    ##.....
c - Spider Form           Tmut/Pois      ####......   1%          3    ###....
d - Confusing Touch       Hex            #.....       5%          1    None
e - Ice Form              Ice/Tmut       ####....     4%          4    ####...
f - Mephitic Cloud        Conj/Pois/Air  #.......     12%         3    ###....

Your spell library contained the following spells:

 Spells                   Type           Power        Failure   Level  Hunger
 Magic Dart               Conj           #...         6%          1    None
 Fireball                 Conj/Fire      #.........   80%         5    ######.
 Apportation              Tloc           #.....       6%          1    None
 Conjure Flame            Conj/Fire      #.......     16%         3    ###....
 Throw Flame              Conj/Fire      #.....       9%          2    ##.....
 Throw Frost              Conj/Ice       #.....       6%          2    ##.....
 Freezing Cloud           Conj/Ice/Air   #.........   99%         6    #######
 Ring of Flames           Chrm/Fire      #.........   100%        7    #######
 Venom Bolt               Conj/Pois      #.........   61%         5    ######.
 Olgreb's Toxic Radiance  Pois           ###.....     16%         4    ####...
 Summon Small Mammal      Summ           #...         6%          1    None
 Iskenderun's Mystic Bla  Conj           #.......     45%         4    ####...
 Animate Dead             Necr           N/A          45%         4    ####...
 Pain                     Necr           #...         6%          1    None
 Animate Skeleton         Necr           N/A          6%          1    None
 Vampiric Draining        Necr           #.........   16%         3    ###....
 Freeze                   Ice            ##..         2%          1    None
 Sticky Flame             Conj/Fire      #.......     45%         4    ####...
 Summon Ice Beast         Ice/Summ       #.......     34%         4    ####...
 Ozocubu's Armour         Chrm/Ice       #.......     12%         3    ###....
 Regeneration             Chrm/Necr      #.........   16%         3    ###....
 Sting                    Conj/Pois      #...         3%          1    None
 Stone Arrow              Conj/Erth      #.....       16%         3    ###....
 Throw Icicle             Conj/Ice       #.......     34%         4    ####...
 Flame Tongue             Conj/Fire      #....        6%          1    None
 Passwall                 Tmut/Erth      ###.....     1%          2    ##.....
 Lee's Rapid Deconstruct  Erth           #.........   80%         5    ######.
 Sandblast                Erth           #.....       6%          1    None
 Petrify                  Tmut/Erth      ###.....     8%          4    ####...
 Shroud of Golubria       Chrm/Tloc      #.........   9%          2    ##.....
 Inner Flame              Hex/Fire       #.......     16%         3    ###....
 Beastly Appendage        Tmut           #####.       1%          1    None
 Fulminant Prism          Conj/Hex       #.........   45%         4    ####...
 Dazzling Spray           Conj/Hex       #.....       16%         3    ###....
 Force Lance              Conj/Tloc      #.......     45%         4    ####...
 Infusion                 Chrm           #...         6%          1    None
 Song of Slaying          Chrm           #.......     9%          2    ##.....
 Spectral Weapon          Hex/Chrm       #.......     16%         3    ###....
 Searing Ray              Conj           #.....       9%          2    ##.....
 Poisonous Vapours        Pois/Air       #.....       4%          2    ##.....


Dungeon Overview and Level Annotations

Branches:
Dungeon (14/15)            Temple (1/1) D:7            Lair (6/6) D:11
 Shoals (0/4) Lair:4        Snake (1/4) Lair:2        Slime (0/5) Lair:6
    Orc (2/2) D:12            Elf (1/3) Orc:2        Vaults (0/5) D:14
 Depths (0/5) D:15

Altars:
Ashenzari
Cheibriados
Dithmenos
Elyvilon
Fedhas
Gozag
Hepliaklqana
Kikubaaqudgha
Makhleb
Nemelex Xobeh
Okawaru
Qazlal
Ru
Sif Muna
Trog
Uskayaw
Vehumet
Wu Jian
Xom
Yredelemnul
Zin
The Shining One

Shops:
D:4 %   D:6 :   D:8 [   D:14 *   Orc:1 *   Orc:2 ([:*

Annotations:
D:3 Sigmund
D:13 exclusion: oklob plant
Lair:1 Erica
Lair:3 exclusion: 3 oklob plants


Innate Abilities, Weirdness & Mutations

You cannot wear most types of armour.
You are very stealthy in the water. (Stealth+)
You are amphibious.
You can wear up to eight rings at the same time.
((You can use your tentacles to constrict eight enemies at once.))
((Your skin changes colour to match your surroundings (Stealth+).))
((Your rubbery body absorbs attacks. (AC +1, EV +1)))


Message History

You repeatedly attack the orc from above.
You punch the orc! You freeze the orc.
You kill the orc!
The Council accepts your kill. The ogre closely misses you.
Items here: $ ( ))) [[ † A wolf spider zombie comes into view.
You hear a shout!
Things that are here:
a trident; an orc corpse You repeatedly attack the crimson imp from above.
You pummel the crimson imp!! You freeze the crimson imp!
You kill the crimson imp!
The Council accepts your kill.
You repeatedly attack the ogre from above.
You pummel the ogre!! You freeze the ogre!
You kill the ogre!
The Council accepts your kill.
The yaktaur wields an arbalest.
The yaktaur shoots a bolt.
The bolt hits you!!
You die...

*,,,,,,*##...##### *,***,,*
**,***,*#...#* **,*,*,* *,*
*,*#o#.# **,**,** *,*
*,*#cc.# ****,,, *,*
*,*#5#** *,,* *,* *,*#§#
*,,* *,* *,*#§#
***********,,* *,*
*,*#c#####,,,,,,*,,,,,,
**,***,*#§§YZ§#5,,,,,*****,,
*,,,,,,*#####§§§.....*,,,,,,
*,,***** #§#######**,**,,
*,,**********..,*,* *,**,,
*,,,,,,,,,,,,.##*,* *,**,*
*,***********.# *,* *,**,,
*,* *.# *,* *<**,, *,* *.#
*,* *,**,, *,* *,* *,*
*,***,


You could see a yaktaur and a wolf spider zombie.

Vanquished Creatures
  3 orc warlords
  Josephine (D:14)
  An ogre mage (D:15)
  4 vault guards (D:14)
  An anaconda (Snake:1)
  7 hydras
  2 centaur warriors
  5 two-headed ogres
  A catoblepas (Lair:6)
  A death knight (D:14)
  5 death yaks
  5 orc high priests
  A tengu warrior (D:13)
  2 vampire magi (Elf:1)
  Nergalle (Orc:1)
  A wizard (D:14)
  4 ugly things (D:11)
  6 deep elf magi
  7 orc knights
  2 manticores (D:14)
  A cyclops (D:13)
  4 orc sorcerers
  A manticore (shapeshifter) (D:15)
  Joseph (D:10)
  A guardian serpent (Snake:1)
  An ice statue (IceCv)
  5 black mambas
  12 elephants
  An eye of devastation (Lair:6)
  9 spiny frogs
  4 yaktaurs
  3 kobold demonologists
  A rime drake (Lair:6)
  2 tengu conjurers
  11 freezing wraiths
  2 komodo dragons
  12 trolls
  Grinder (D:5)
  3 polar bears
  3 wolf spider simulacra (IceCv)
  3 hornets
  A meliai zombie (D:14)
  12 hippogriffs
  8 blink frogs (Lair:5)
  A snapping turtle (Lair:4)
  3 centaur simulacra
  6 wraiths
  49 yaks
  7 basilisks
  4 wyverns
  A shadow (D:13)
  A yak (shapeshifter) (D:14)
  Grum (Lair:1)
  A hungry ghost (D:11)
  7 vampire mosquitoes
  8 wargs
  Menkaure (D:4)
  A soldier ant (D:10)
  2 acid dragons (D:14)
  3 nagas
  11 water moccasins
  6 porcupines
  19 ice beasts
  2 sky beasts (D:12)
  A phantom (D:11)
  6 necrophages (D:9)
  2 hornet zombies (D:9)
  51 orc warriors
  2 black bears
  2 eyes of draining
  26 ogres
  A boggart (Elf:1)
  18 wolves
  12 centaurs
  11 crocodiles
  5 big kobolds
  A gnoll sergeant (D:9)
  2 wyvern zombies
  9 bullfrogs
  4 scorpions
  A wyvern skeleton (D:7)
  7 wights
  9 killer bees
  5 howler monkeys
  6 electric eels
  9 crimson imps
  2 bullfrog zombies
  2 centaur zombies
  4 draconian simulacra (IceCv)
  A quasit (D:7)
  21 orc priests
  4 jellies
  A wyvern simulacrum (D:13)
  4 centaur skeletons
  4 hounds
  3 bullfrog skeletons
  A gnoll shaman (D:10)
  16 orc wizards
  5 iguanas
  A spriggan simulacrum (IceCv)
  8 troll simulacra (IceCv)
  18 worker ants
  6 hell rats (Lair:6)
  A polar bear simulacrum (IceCv)
  A hound zombie (D:9)
  A hound skeleton (D:6)
  3 mummies (D:9)
  3 worker ant zombies
  Robin (D:4)
  13 gnolls
  3 howler monkey skeletons
  2 ogre simulacra (IceCv)
  28 adders
  4 naga simulacra (IceCv)
  3 river rats (D:11)
  8 shadow imps
  15 white imps
  2 oozes
  An adder zombie (D:5)
  4 worms
  2 dart slugs
  6 leopard geckos
  84 orcs
  3 bats (D:3)
  7 giant cockroaches
  17 goblins
  9 hobgoblins
  14 jackals
  11 quokkas
  10 ball pythons
  2 frilled lizards
  20 kobolds
  A quokka skeleton (D:6)
  11 rats
  A plant (Lair:2)
878 creatures vanquished.

Vanquished Creatures (collateral kills)
  A catoblepas (Lair:6)
  A two-headed ogre (D:12)
  A necromancer (IceCv)
  An ugly thing (D:13)
  Eustachio (D:4)
  2 ogres
  A wyvern zombie (D:9)
  A killer bee (D:7)
  A worker ant (D:13)
  3 orcs
  A jackal (D:9)
14 creatures vanquished.

Vanquished Creatures (others)
  An ogre (D:15)
  11 fungi
  10 plants
  2 withered plants (D:9)
24 creatures vanquished.

Grand Total: 916 creatures vanquished

Notes
Turn   | Place    | Note
-------+----------+-------------------------------------------
     0 | D:1      | CyclopB the Octopode Transmuter began the quest for the Orb.
     0 | D:1      | Reached XP level 1. HP: 13/13 MP: 3/3
   170 | D:1      | Reached XP level 2. HP: 17/18 MP: 3/5
   638 | D:1      | Reached XP level 3. HP: 23/23 MP: 4/6
  1295 | D:2      | Reached skill level 4 in Unarmed Combat
  1380 | D:2      | Learned a level 2 spell: Sticks to Snakes
  1551 | D:2      | Reached XP level 4. HP: 26/28 MP: 5/7
  2484 | D:3      | Learned a level 3 spell: Spider Form
  2500 | D:3      | Reached XP level 5. HP: 33/33 MP: 6/8
  2563 | D:3      | Noticed an ogre
  2701 | D:3      | Noticed a big kobold
  3165 | D:3      | Killed a big kobold
  3165 | D:3      | Reached skill level 5 in Transmutations
  3165 | D:3      | Reached XP level 6. HP: 38/38 MP: 2/9
  3592 | D:3      | Found an ornate altar of the Wu Jian Council.
  3609 | D:3      | Became a worshipper of the Wu Jian Council
  3627 | D:3      | Noticed Sigmund
  4232 | D:4      | Noticed Robin
  4233 | D:4      | Reached skill level 1 in Stealth
  4247 | D:4      | Killed Robin
  4516 | D:4      | Noticed Menkaure
  4679 | D:4      | Reached XP level 7. HP: 38/43 MP: 8/10
  4747 | D:4      | Reached skill level 5 in Unarmed Combat
  5057 | D:4      | Noticed Eustachio
  5144 | D:4      | Found Zutusky's Food Emporium.
  5155 | D:4      | Reached skill level 6 in Unarmed Combat
  5160 | D:4      | Reached * piety under Wu Jian
  5398 | D:5      | Entered Level 5 of the Dungeon
  5398 | D:5      | Found a glowing drain.
  5828 | Sewer    | Entered a sewer
  5843 | Sewer    | Reached XP level 8. HP: 36/48 MP: 11/11
  5948 | Sewer    | Reached skill level 7 in Unarmed Combat
  6627 | D:5      | Reached ** piety under Wu Jian
  6631 | D:5      | Reached skill level 8 in Unarmed Combat
  6869 | D:5      | Noticed Grinder
  7246 | D:6      | Found Vigyihodda's Book Shop.
  7554 | D:6      | Reached skill level 9 in Unarmed Combat
  7971 | D:7      | Found a transporter.
  7975 | D:7      | Noticed a kobold demonologist
  8055 | D:7      | Reached XP level 9. HP: 35/53 MP: 5/12
  8246 | D:7      | Found a transporter.
  8298 | D:7      | Reached skill level 10 in Unarmed Combat
  8610 | D:7      | Found a staircase to the Ecumenical Temple.
  8642 | Temple   | Entered the Ecumenical Temple
  9276 | D:7      | Noticed a kobold demonologist
  9710 | D:5      | Paralysed by Grinder for 5 turns
  9717 | D:5      | Killed Grinder
  9730 | D:5      | Reached skill level 11 in Unarmed Combat
  9766 | D:4      | Killed Eustachio
  9812 | D:4      | Killed Menkaure
 10227 | D:8      | Found Xuqyaku's Antique Armour Shoppe.
 10398 | D:8      | Learned a level 1 spell: Confusing Touch
 10850 | D:8      | Reached *** piety under Wu Jian
 11421 | D:9      | Noticed a hornet
 11440 | D:9      | Killed a hornet
 11440 | D:9      | Reached XP level 10. HP: 37/58 MP: 13/13
 11633 | D:9      | Learned a level 4 spell: Ice Form
 11836 | D:9      | Reached skill level 5 in Dodging
 11956 | D:9      | Reached skill level 1 in Ice Magic
 12555 | D:10     | Entered Level 10 of the Dungeon
 12563 | D:10     | Learned a level 5 spell: Blade Hands
 13125 | D:10     | Reached **** piety under Wu Jian
 13128 | D:10     | Reached XP level 11. HP: 49/63 MP: 15/15
 13536 | D:10     | Noticed Joseph
 13553 | D:10     | Killed Joseph
 14011 | D:11     | Noticed a four-headed hydra
 14073 | D:11     | Noticed a brown ugly thing
 14409 | D:11     | Killed a four-headed hydra
 14972 | D:11     | Noticed an eight-headed hydra
 15045 | D:11     | Killed an eight-headed hydra
 15060 | D:11     | Noticed a centaur warrior
 15086 | D:11     | Noticed a red ugly thing
 15216 | D:11     | Noticed a cyan ugly thing
 15227 | D:11     | Reached skill level 10 in Dodging
 15227 | D:11     | Killed a cyan ugly thing
 15229 | D:11     | Killed a red ugly thing
 15235 | D:11     | Noticed a death yak
 15248 | D:11     | Noticed a white ugly thing
 15427 | D:11     | Killed a centaur warrior
 15586 | D:11     | Noticed a death yak
 15754 | D:7      | Noticed a sun demon
 16137 | D:11     | Noticed a two-headed ogre
 16216 | D:11     | Noticed a death yak
 16319 | D:12     | Noticed a two-headed ogre
 16336 | D:12     | Noticed a two-headed ogre
 16485 | D:11     | Found a staircase to the Lair.
 16494 | Lair:1   | Entered Level 1 of the Lair of Beasts
 16510 | Lair:1   | Noticed Erica
 16558 | Lair:1   | Noticed Grum
 16576 | Lair:1   | Killed Grum
 16582 | Lair:1   | Reached XP level 12. HP: 54/72 MP: 16/16
 16759 | Lair:1   | Reached ***** piety under Wu Jian
 17593 | Lair:1   | Noticed a four-headed hydra
 17604 | Lair:1   | Killed a four-headed hydra
 17604 | Lair:1   | Reached skill level 10 in Transmutations
 18317 | Lair:2   | Noticed a five-headed hydra
 18447 | Lair:2   | Found a staircase to the Snake Pit.
 18489 | Lair:2   | Killed a five-headed hydra
 18654 | Lair:2   | Reached skill level 12 in Unarmed Combat
 19613 | Lair:3   | Noticed a four-headed hydra
 20202 | Lair:3   | Killed a four-headed hydra
 20202 | Lair:3   | Reached skill level 13 in Unarmed Combat
 20202 | Lair:3   | Reached XP level 13. HP: 65/77 MP: 17/17
 21675 | Lair:4   | Found a staircase to the Shoals.
 21794 | Lair:4   | Found an opulent altar of Gozag.
 22443 | Lair:5   | Reached skill level 14 in Unarmed Combat
 23167 | Snake:1  | Entered Level 1 of the Snake Pit
 23751 | D:11     | Reached skill level 15 in Unarmed Combat
 24747 | D:12     | Found a staircase to the Orcish Mines.
 25409 | D:13     | Reached XP level 14. HP: 82/83 MP: 18/18
 25633 | D:13     | Reached skill level 16 in Unarmed Combat
 26010 | D:13     | Reached ****** piety under Wu Jian
 26169 | D:13     | Found a hazy altar of Hepliaklqana.
 26555 | Orc:1    | Entered Level 1 of the Orcish Mines
 27054 | Lair:6   | Entered Level 6 of the Lair of Beasts
 27221 | Lair:6   | Found a staircase to the Slime Pits.
 27691 | Lair:6   | Found a frozen archway.
 27709 | Lair:6   | Reached skill level 17 in Unarmed Combat
 27728 | IceCv    | Entered an ice cave
 28430 | IceCv    | Found an ancient bone altar of Kikubaaqudgha.
 30265 | Lair:6   | Noticed a dire elephant
 30699 | Orc:1    | Found Gyckuz's General Store.
 30932 | Orc:1    | Reached XP level 15. HP: 88/88 MP: 19/19
 30956 | Orc:1    | Paralysed by an orc sorcerer for 4 turns
 31128 | Orc:1    | Noticed an orc warlord
 31149 | Orc:1    | Reached skill level 15 in Dodging
 31234 | D:12     | Learned a level 3 spell: Mephitic Cloud
 31252 | Orc:1    | Killed an orc warlord
 31266 | Orc:1    | Noticed an orc warlord
 31272 | Orc:1    | Killed an orc warlord
 31609 | Orc:1    | Got an encrusted lajatang
 31648 | Orc:1    | Identified the +6 lajatang of Circularity {holy, rN+ Dex+4} (You found it on level 1 of the Orcish Mines)
 31682 | Orc:2    | Entered Level 2 of the Orcish Mines
 31835 | Orc:2    | Found Hirghom's Antique Armour Emporium.
 31835 | Orc:2    | Noticed an orc warlord
 31846 | Orc:2    | Killed an orc warlord
 31849 | Orc:2    | Reached skill level 18 in Unarmed Combat
 31876 | Orc:2    | Found Edghomis's Antique Weapon Shop.
 32064 | Orc:2    | Found Ollerphex's General Store.
 32108 | Orc:2    | Bought the ring of Day {+Fly rElec rPois} for 499 gold pieces
 32256 | Orc:2    | Found Minwelav's Book Shoppe.
 32597 | Orc:2    | Found a staircase to the Elven Halls.
 32685 | Orc:1    | Noticed Nergalle
 32692 | Orc:1    | Killed Nergalle
 33055 | Elf:1    | Entered Level 1 of the Elven Halls
 33144 | Elf:1    | Found a deep blue altar of Sif Muna.
 33605 | Elf:1    | Noticed a deep elf sorcerer
 33967 | D:14     | Noticed Josephine
 33977 | D:14     | Killed Josephine
 33977 | D:14     | Reached skill level 19 in Unarmed Combat
 34362 | D:14     | Reached XP level 16. HP: 70/93 MP: 20/20
 34538 | D:14     | Found a gate to the Vaults.
 34597 | D:14     | Found Gycaynt's Assorted Antiques.
 34883 | D:14     | You fall through a shaft!
 34883 | D:15     | Entered Level 15 of the Dungeon
 35165 | D:15     | Paralysed by an ogre mage for 5 turns
 35200 | D:15     | Shot with a bolt by a yaktaur

Skill      XL: |  1  2  3  4  5  6  7  8  9 10 11 12 13 14 15 |
---------------+----------------------------------------------+-----
Unarmed Combat | 4 6 9 11 13 15 17 19 | 19.8
Transmutations | 3 4 5 7 9 10 | 10.0
Poison Magic   | 3 |  3.0
Stealth        | 2 |  2.0
Evocations     | 3 |  3.0
Dodging        | 4 7 11 12 14 15 | 15.0
Ice Magic      | 1 2 |  2.0
Spellcasting   | 3 |  3.0
Fighting       | 3 |  3.1
Hexes          | |  0.3

Action                   |  1- 3 |  4- 6 |  7- 9 | 10-12 | 13-15 | 16-18 || total
-------------------------+-------+-------+-------+-------+-------+-------++-------
Melee: Unarmed           |    85 |   144 |   360 |   744 |  1433 |   132 ||  2898
       Constrict         |    25 |    28 |    52 |     9 |       |       ||   114
       Kick              |    20 |    22 |    46 |     5 |       |       ||    93
       Tentacles         |    11 |    15 |    37 |    11 |       |       ||    74
       Punch             |     1 |     6 |    12 |     9 |       |       ||    28
       Staff             |       |       |       |       |     1 |       ||     1
Throw: Stone             |    12 |     6 |     4 |       |     1 |       ||    23
 Cast: Beastly Appendage |    23 |    23 |    35 |     2 |       |       ||    83
       Sticks to Snakes  |       |     5 |    26 |     6 |    65 |     3 ||   105
       Spider Form       |       |     4 |    14 |     1 |     4 |     1 ||    24
       Confusing Touch   |       |       |     1 |    17 |    15 |     2 ||    35
       Ice Form          |       |       |       |    67 |   117 |    11 ||   195
Invok: Lunge             |       |     4 |    66 |   101 |   192 |    27 ||   390
       Whirlwind         |       |       |    27 |   106 |   411 |    19 ||   563
       Wall Jump         |       |       |     1 |     5 |    16 |     3 ||    25
       Serpent's Lash    |       |       |       |     7 |    17 |     1 ||    25
       Heavenly Storm    |       |       |       |       |     3 |     1 ||     4
  Use: Scroll            |     1 |     3 |    10 |     7 |     6 |     3 ||    30
       Potion            |       |       |     3 |     4 |    11 |     2 ||    20
 Stab: Sleeping          |     5 |     8 |    24 |     5 |     8 |     1 ||    51
       Distracted        |       |     2 |     3 |     2 |     2 |       ||     9
       Confused          |       |       |       |     6 |    10 |     1 ||    17
       Fleeing           |       |       |       |     1 |       |       ||     1
       Petrified         |       |       |       |       |     4 |       ||     4
       Petrifying        |       |       |       |       |     1 |       ||     1
  Eat: Chunk             |     2 |    11 |    21 |    34 |    50 |     4 ||   122
       Ration            |       |       |     1 |     3 |     7 |       ||    11
Armor: Skin              |     4 |     3 |    17 |   132 |   193 |    12 ||   361
Dodge: Dodged            |    37 |    87 |   196 |   325 |   588 |    82 ||  1315
